Flames vs Flyers

Created - January 11, 2016 at 18:32

Goals
1 2 3 T
Flames 1 0 0 1
Flyers 3 0 2 5
Shots
1 2 3 T
Flames 12 11 2 25
Flyers 22 14 14 50

1st period

1. Flyers , Carl Hagelin 15 (Mike Santorelli, Dan Boyle) at 7:49
2. Flyers , Mike Santorelli 10 (Dan Boyle, Ryan Ellis) at 9:54 (PP)
3. Flyers , Carl Hagelin 16 (Ryan Ellis, Dan Boyle) at 11:43 (PP)
4. Flames , Erik Johnson 10 (Bobby Ryan, Justin Faulk) at 15:46

Penalties :
Stephane Robidas (CGY) for Hooking (Minor) at 4:25, Stephane Robidas (CGY) for Boarding (Minor) at 9:40, Justin Faulk (CGY) for High sticking (Minor) at 11:02, Bobby Ryan (CGY) for Elbowing (Minor) at 17:21, Erik Johnson (CGY) for Holding (Minor) at 19:42

2nd period

No Goal

Penalties :
Carlo Colaiacovo (PHI) for Holding (Minor) at 6:42, David Perron (CGY) for Roughing (Minor) at 10:11, Gabriel Bourque (PHI) for Holding (Minor) at 17:02

3rd period

5. Flyers , Mike Santorelli 11 (Ryan Ellis, Dan Boyle) at 14:34
6. Flyers , Mike Santorelli 12 (Ryan Ellis, Dan Boyle) at 15:41

Penalties :
Erik Johnson (CGY) for Hooking (Minor) at 5:48, Bobby Ryan (CGY) for Charging (Minor) at 11:51

Goalie Stats

Ben Bishop (CGY), 45 saves from 50 shots - (0.900), L, 17-15-6, 60:00 minutes
Frederik Andersen (PHI), 24 saves from 25 shots - (0.960), W, 9-7-3, 60:00 minutes

Players Stats for Flames

Player Name              G  A  P  +/- PIM S  H  SB GA TA FO     MP     PP MP  PK MP  
------------------------------------------------------------------------------------
Alex Tanguay             0  0  0   0  0   1  1  0  0  0  0/1    18:43   1:13   2:49 
Andrej Nestrasil         0  0  0   0  0   1  2  0  0  0  3/7    16:30   1:54   3:02 
Andrew MacDonald         0  0  0   0  0   0  0  0  0  0  0/0     1:34   0:00   1:20 
Andrew Miller            0  0  0  -2  0   1  0  0  0  0  1/4    17:39   0:49   0:00 
Antoine Vermette         0  0  0  -2  0   3  0  0  0  0  18/29  20:39   2:04   2:28 
Anze Kopitar             0  0  0   0  0   2  0  0  0  0  14/29  21:49   0:41   2:37 
Bobby Ryan               0  1  1   0  4   2  2  0  0  0  1/2    22:09   2:04   4:43 
Bryan Bickell            0  0  0   0  0   1  5  0  0  0  0/0     8:15   0:41   4:07 
David Perron             0  0  0  -2  2   3  3  0  0  0  0/0    15:34   2:04   0:00 
Erik Johnson             1  0  1  -1  4   7  2  1  0  0  0/0    24:54   3:05   4:13 
Jack Johnson             0  0  0  -1  0   0  0  2  0  0  0/0    21:03   0:53   5:50 
Jared Spurgeon           0  0  0   0  0   0  0  0  0  0  0/0     0:00   0:00   0:00 
Jarret Stoll             0  0  0   0  0   2  0  0  0  0  11/21   9:41   0:24   4:15 
Justin Faulk             0  1  1   0  2   0  2  2  0  0  0/0    24:31   3:05   6:42 
Kevan Miller             0  0  0  -1  0   2  2  2  0  0  0/0    16:59   0:53   1:58 
Matt Cullen              0  0  0   0  0   0  0  0  0  0  3/4    15:55   0:00   1:37 
Stephane Robidas         0  0  0  -1  4   0  2  1  0  0  0/0    14:18   0:00   0:00 
Thomas Hickey            0  0  0   0  0   0  0  1  0  0  0/0    16:50   0:00   5:35 

Players Stats for Flyers

Player Name              G  A  P  +/- PIM S  H  SB GA TA FO     MP     PP MP  PK MP  
------------------------------------------------------------------------------------
Carl Hagelin             2  0  2   3  0   6  4  0  0  0  0/4    23:20   6:27   2:51 
Carlo Colaiacovo         0  0  0  -1  2   0  0  0  0  0  0/0    11:45   0:00   0:31 
Damien Brunner           0  0  0   0  0   2  1  0  0  0  0/2    16:15   0:08   0:00 
Damon Severson           0  0  0   0  0   1  0  0  0  0  0/0    17:31   0:49   0:00 
Dan Boyle                0  5  5   3  0   2  0  2  0  0  0/0    24:30   7:07   2:07 
Daniel Sedin             0  0  0   0  0   2  0  0  0  0  1/2    17:05   0:37   0:21 
Gabriel Bourque          0  0  0  -1  2   5  1  0  0  0  3/5    17:08   6:14   0:16 
Jean-Gabriel Pageau      0  0  0   0  0   2  1  0  0  0  5/8    11:12   6:55   2:39 
Joel Ward                0  0  0   0  0   1  1  0  0  0  0/0     2:16   0:08   0:30 
Kyle Brodziak            0  0  0  -1  0   1  1  0  0  0  9/16   17:07   5:09   1:19 
Luca Sbisa               0  0  0   0  0   0  0  0  0  0  0/0     0:00   0:00   0:00 
Mark Fistric             0  0  0  -1  0   4  1  1  0  0  0/0    17:18   4:53   2:08 
Mike Ribeiro             0  0  0   0  0   9  1  0  0  0  16/29  24:40   6:55   0:00 
Mike Santorelli          3  1  4   3  0   5  0  0  0  0  7/17   20:43   5:54   0:00 
Olli Jokinen             0  0  0   3  0   0  6  0  0  0  4/13   14:49   0:00   0:00 
Pierre-Alexandr Parentea 0  0  0  -1  0   3  0  0  0  0  1/1    11:26   0:00   0:00 
Ryan Ellis               0  4  4   3  0   7  3  0  0  0  0/0    25:22   7:07   2:01 
Tom Gilbert              0  0  0   0  0   0  4  0  0  0  0/0    23:33   5:42   1:09 

3 Stars

1 - Mike Santorelli (PHI)
2 - Dan Boyle (PHI)
3 - Carl Hagelin (PHI)

Power Play

Flames - 0 on 2 Attempt(s) - 0.00%
Flyers - 2 on 8 Attempt(s) - 25.00%

Penalty Kill

Flames - 6 on 8 Attempt(s) - 75.00% - Score 0 goal in Penalty Kill
Flyers - 2 on 2 Attempt(s) - 100.00% - Score 0 goal in Penalty Kill

Team Stat

Flames - Hits : 21 - Faceoff Wins : 51 - Blocked Shots : 9 - Penalty Minutes : 16
Flyers - Hits : 24 - Faceoff Wins : 46 - Blocked Shots : 3 - Penalty Minutes : 4

Official

Referees : Kyle Rehman and Chris Lee
Linesman : Tim Nowak and Kiel Murchison

Game Notes

Jarret Stoll is injured at 9:57 of 2nd period (Sprained Left Knee)
Mike Santorelli has scored a Hat Trick!

Finance

Level 1 -- Attendance: 5132 (78.95%) -- Ticket Income $579,916
Level 2 -- Attendance: 4356 (87.12%) -- Ticket Income $344,124
Level 3 -- Attendance: 3055 (87.29%) -- Ticket Income $137,475
Level 4 -- Attendance: 2625 (74.22%) -- Ticket Income $68,250
Luxury Box -- Attendance: 819 (81.90%) -- Ticket Income $184,275
Game was played at the Wells Fargo Center.
Total Attendance: 15987 (81.83%)
Total Ticket Income: $1,314,040
Other Income: $197,106
Total Income: $1,511,146

% Time on Ice - Flames

Lines # - Real PCT - Wanted PCT - Time Play
Normal Forward
1 - 34% - 40% - 14:41
2 - 31% - 30% - 13:31
3 - 27% - 20% - 11:34
4 - 8% - 10% - 3:27
Normal Defense
1 - 34% - 40% - 14:45
2 - 33% - 30% - 14:20
3 - 26% - 20% - 11:15
4 - 7% - 10% - 2:53
PP Forward
1 - 52% - 60% - 2:04
2 - 48% - 40% - 1:54
PP Defense
1 - 78% - 60% - 3:05
2 - 22% - 40% - 0:53
PK Forward
1 - 81% - 60% - 10:21
2 - 19% - 40% - 2:28
PK Defense
1 - 54% - 60% - 6:59
2 - 46% - 40% - 5:50
PK3 Forward
1 - 0% - 60%
2 - 0% - 40%
PK3 Defense
1 - 0% - 60%
2 - 0% - 40%
44 Forward
1 - 0% - 60%
2 - 0% - 40%
44 Defense
1 - 0% - 60%
2 - 0% - 40%
Last Minute Offensive  - 0:00
Last Minute Defensive  - 0:00
Total
Forward - 60:00
Defense - 60:00

% Time on Ice - Flyers

Lines # - Real PCT - Wanted PCT - Time Play
Normal Forward
1 - 37% - 40% - 16:07
2 - 34% - 35% - 14:49
3 - 25% - 20% - 10:39
4 - 4% - 5% - 1:38
Normal Defense
1 - 35% - 45% - 15:16
2 - 39% - 30% - 16:42
3 - 26% - 15% - 11:15
4 - 0% - 10% - 0:00
PP Forward
1 - 46% - 60% - 5:54
2 - 54% - 40% - 6:55
PP Defense
1 - 57% - 60% - 7:15
2 - 43% - 40% - 5:34
PK Forward
1 - 72% - 60% - 2:51
2 - 28% - 40% - 1:07
PK Defense
1 - 53% - 60% - 2:07
2 - 47% - 40% - 1:51
PK3 Forward
1 - 0% - 60%
2 - 0% - 40%
PK3 Defense
1 - 0% - 60%
2 - 0% - 40%
44 Forward
1 - 0% - 60%
2 - 0% - 40%
44 Defense
1 - 0% - 60%
2 - 0% - 40%
Last Minute Offensive  - 0:00
Last Minute Defensive  - 0:00
Total
Forward - 60:00
Defense - 60:00

Play by Play

1st period


0:01 of 1st period - Anze Kopitar wins face-off versus Damien Brunner in neutral zone.
0:30 of 1st period - Shot by Mike Ribeiro.
0:30 of 1st period - Stopped by Ben Bishop with a rebound.
0:34 of 1st period - Shot by Daniel Sedin.
0:34 of 1st period - Shot Misses the Net.
0:51 of 1st period - Icing by Erik Johnson.
0:52 of 1st period - Anze Kopitar wins face-off versus Olli Jokinen in Flames zone.
0:52 of 1st period - Anze Kopitar is hit by Carl Hagelin.
1:06 of 1st period - Jack Johnson is hit by Olli Jokinen and loses puck.
1:14 of 1st period - Jack Johnson is hit by Tom Gilbert and loses puck.
1:33 of 1st period - Shot by Andrew Miller.
1:33 of 1st period - Stopped by Frederik Andersen without a rebound.
1:34 of 1st period - Jarret Stoll wins face-off versus Kyle Brodziak in Flyers zone.
1:39 of 1st period - Shot by Matt Cullen.
1:39 of 1st period - Deflect By Jarret Stoll.
1:39 of 1st period - Stopped by Frederik Andersen without a rebound.
1:40 of 1st period - Kyle Brodziak wins face-off versus Jarret Stoll in Flyers zone.
1:49 of 1st period - Jarret Stoll is hit by Kyle Brodziak.
2:01 of 1st period - Shot by Kyle Brodziak.
2:01 of 1st period - Shot Blocked by Kevan Miller.
2:06 of 1st period - Matt Cullen is hit by Mark Fistric.
2:47 of 1st period - Daniel Sedin is hit by Stephane Robidas and loses puck.
3:06 of 1st period - Shot by Damien Brunner.
3:06 of 1st period - Stopped by Ben Bishop without a rebound.
3:07 of 1st period - Anze Kopitar wins face-off versus Mike Santorelli in Flames zone.
3:07 of 1st period - Anze Kopitar is hit by Carl Hagelin.
4:03 of 1st period - Erik Johnson is hit by Joel Ward and loses puck.
4:25 of 1st period - Minor Penalty to Stephane Robidas for Hooking.
4:26 of 1st period - Jarret Stoll wins face-off versus Carl Hagelin in Flames zone.
4:53 of 1st period - Kyle Brodziak is hit by Bryan Bickell and loses puck.
5:12 of 1st period - Shot by Ryan Ellis.
5:12 of 1st period - Stopped by Ben Bishop without a rebound.
5:13 of 1st period - Gabriel Bourque wins face-off versus Jarret Stoll in Flames zone.
5:16 of 1st period - Shot by Mike Ribeiro.
5:16 of 1st period - Deflect By Jean-Gabriel Pageau.
5:16 of 1st period - Shot Misses the Net.
5:18 of 1st period - Shot by Ryan Ellis.
5:18 of 1st period - Shot Blocked by Justin Faulk.
5:20 of 1st period - Shot by Gabriel Bourque.
5:20 of 1st period - Shot Misses the Net.
5:22 of 1st period - Shot by Gabriel Bourque.
5:22 of 1st period - Shot Misses the Net.
5:24 of 1st period - Shot by Jean-Gabriel Pageau.
5:24 of 1st period - Stopped by Ben Bishop without a rebound.
5:25 of 1st period - Gabriel Bourque wins face-off versus Antoine Vermette in Flames zone.
5:30 of 1st period - Shot by Mike Ribeiro.
5:30 of 1st period - Shot Misses the Net.
5:32 of 1st period - Shot by Ryan Ellis.
5:32 of 1st period - Deflect By Jean-Gabriel Pageau.
5:32 of 1st period - Shot Blocked by Jack Johnson.
5:34 of 1st period - Shot by Dan Boyle.
5:34 of 1st period - Deflect By Mike Ribeiro.
5:34 of 1st period - Stopped by Ben Bishop without a rebound.
5:35 of 1st period - Mike Santorelli wins face-off versus Jarret Stoll in Flames zone.
5:53 of 1st period - Shot by Carl Hagelin.
5:53 of 1st period - Stopped by Ben Bishop without a rebound.
5:54 of 1st period - Antoine Vermette wins face-off versus Mike Ribeiro in Flames zone.
6:15 of 1st period - Shot by Gabriel Bourque.
6:15 of 1st period - Deflect By Mike Ribeiro.
6:15 of 1st period - Stopped by Ben Bishop without a rebound.
6:16 of 1st period - Mike Santorelli wins face-off versus Jarret Stoll in Flames zone.
6:53 of 1st period - Carlo Colaiacovo is hit by Bryan Bickell and loses puck.
7:04 of 1st period - Shot by Anze Kopitar.
7:04 of 1st period - Shot Blocked by Mark Fistric.
7:06 of 1st period - Shot by Anze Kopitar.
7:06 of 1st period - Shot Misses the Net.
7:15 of 1st period - Daniel Sedin is hit by Kevan Miller.
7:49 of 1st period - Shot by Mike Santorelli.
7:49 of 1st period - Deflect By Carl Hagelin.
7:49 of 1st period - Goal by Carl Hagelin - Flames : 0 - Flyers : 1.
7:50 of 1st period - Anze Kopitar wins face-off versus Kyle Brodziak in neutral zone.
8:23 of 1st period - Shot by Bobby Ryan.
8:23 of 1st period - Shot Misses the Net.
8:43 of 1st period - Shot by Andrej Nestrasil.
8:43 of 1st period - Stopped by Frederik Andersen without a rebound.
8:44 of 1st period - Olli Jokinen wins face-off versus Antoine Vermette in Flyers zone.
8:59 of 1st period - Shot by Mike Santorelli.
8:59 of 1st period - Shot Blocked by Kevan Miller.
9:01 of 1st period - Shot by Ryan Ellis.
9:01 of 1st period - Stopped by Ben Bishop without a rebound.
9:02 of 1st period - Matt Cullen wins face-off versus Mike Ribeiro in Flames zone.
9:21 of 1st period - Stephane Robidas is hit by Damien Brunner and loses puck.
9:38 of 1st period - Jack Johnson is hit by Mike Ribeiro and loses puck.
9:40 of 1st period - Minor Penalty to Stephane Robidas for Boarding.
9:41 of 1st period - Jarret Stoll wins face-off versus Mike Santorelli in Flames zone.
9:54 of 1st period - Shot by Mike Santorelli.
9:54 of 1st period - Goal by Mike Santorelli - Flames : 0 - Flyers : 2.
9:55 of 1st period - Kyle Brodziak wins face-off versus Antoine Vermette in neutral zone.
9:55 of 1st period - Kyle Brodziak is hit by David Perron.
10:23 of 1st period - Shot by Antoine Vermette.
10:23 of 1st period - Stopped by Frederik Andersen without a rebound.
10:24 of 1st period - Anze Kopitar wins face-off versus Olli Jokinen in Flyers zone.
10:27 of 1st period - Shot by Bobby Ryan.
10:27 of 1st period - Stopped by Frederik Andersen without a rebound.
10:28 of 1st period - Olli Jokinen wins face-off versus Anze Kopitar in Flyers zone.
10:28 of 1st period - Olli Jokinen is hit by Alex Tanguay.
10:31 of 1st period - Dan Boyle is hit by Bobby Ryan and loses puck.
10:51 of 1st period - Shot by Carl Hagelin.
10:51 of 1st period - Shot Misses the Net.
11:02 of 1st period - Minor Penalty to Justin Faulk for High sticking.
11:03 of 1st period - Mike Ribeiro wins face-off versus Jarret Stoll in Flames zone.
11:08 of 1st period - Shot by Jean-Gabriel Pageau.
11:08 of 1st period - Stopped by Ben Bishop without a rebound.
11:09 of 1st period - Jarret Stoll wins face-off versus Mike Ribeiro in Flames zone.
11:24 of 1st period - Shot by Mike Ribeiro.
11:24 of 1st period - Stopped by Ben Bishop with a rebound.
11:26 of 1st period - Shot by Mark Fistric.
11:26 of 1st period - Stopped by Ben Bishop without a rebound.
11:27 of 1st period - Mike Santorelli wins face-off versus Alex Tanguay in Flames zone.
11:27 of 1st period - Mike Santorelli is hit by Erik Johnson.
11:29 of 1st period - Shot by Ryan Ellis.
11:29 of 1st period - Stopped by Ben Bishop without a rebound.
11:30 of 1st period - Jarret Stoll wins face-off versus Mike Santorelli in Flames zone.
11:43 of 1st period - Shot by Carl Hagelin.
11:43 of 1st period - Goal by Carl Hagelin - Flames : 0 - Flyers : 3.
11:44 of 1st period - Antoine Vermette wins face-off versus Daniel Sedin in neutral zone.
11:53 of 1st period - Shot by Antoine Vermette.
11:53 of 1st period - Stopped by Frederik Andersen with a rebound.
12:15 of 1st period - Shot by David Perron.
12:15 of 1st period - Stopped by Frederik Andersen with a rebound.
13:04 of 1st period - Shot by Ryan Ellis.
13:04 of 1st period - Stopped by Ben Bishop without a rebound.
13:05 of 1st period - Pierre-Alexandr Parenteau wins face-off versus Anze Kopitar in Flames zone.
13:18 of 1st period - Shot by Gabriel Bourque.
13:18 of 1st period - Stopped by Ben Bishop without a rebound.
13:19 of 1st period - Jean-Gabriel Pageau wins face-off versus Jarret Stoll in Flames zone.
13:36 of 1st period - Shot by Jarret Stoll.
13:36 of 1st period - Stopped by Frederik Andersen with a rebound.
13:47 of 1st period - Icing by Ryan Ellis.
13:48 of 1st period - Anze Kopitar wins face-off versus Jean-Gabriel Pageau in Flyers zone.
13:48 of 1st period - Anze Kopitar is hit by Ryan Ellis.
14:06 of 1st period - Icing by Ryan Ellis.
14:07 of 1st period - Jean-Gabriel Pageau wins face-off versus Antoine Vermette in Flyers zone.
15:06 of 1st period - Icing by Mike Santorelli.
15:07 of 1st period - Anze Kopitar wins face-off versus Olli Jokinen in Flyers zone.
15:10 of 1st period - Shot by Alex Tanguay.
15:10 of 1st period - Shot Hit the Post.
15:12 of 1st period - Shot by Erik Johnson.
15:12 of 1st period - Stopped by Frederik Andersen without a rebound.
15:13 of 1st period - Kyle Brodziak wins face-off versus Anze Kopitar in Flyers zone.
15:24 of 1st period - Shot by Alex Tanguay.
15:24 of 1st period - Shot Misses the Net.
15:29 of 1st period - Gabriel Bourque is hit by Erik Johnson and loses puck.
15:44 of 1st period - Shot by Bobby Ryan.
15:44 of 1st period - Shot Misses the Net.
15:46 of 1st period - Shot by Erik Johnson.
15:46 of 1st period - Goal by Erik Johnson - Flames : 1 - Flyers : 3.
15:47 of 1st period - Matt Cullen wins face-off versus Mike Ribeiro in neutral zone.
17:06 of 1st period - Shot by Anze Kopitar.
17:06 of 1st period - Stopped by Frederik Andersen with a rebound.
17:08 of 1st period - Shot by Alex Tanguay.
17:08 of 1st period - Stopped by Frederik Andersen with a rebound.
17:10 of 1st period - Shot by Justin Faulk.
17:10 of 1st period - Shot Misses the Net.
17:21 of 1st period - Minor Penalty to Bobby Ryan for Elbowing.
17:22 of 1st period - Mike Ribeiro wins face-off versus Anze Kopitar in Flames zone.
17:33 of 1st period - Shot by Ryan Ellis.
17:33 of 1st period - Stopped by Ben Bishop with a rebound.
18:35 of 1st period - Shot by Mark Fistric.
18:35 of 1st period - Stopped by Ben Bishop with a rebound.
18:37 of 1st period - Shot by Mark Fistric.
18:37 of 1st period - Stopped by Ben Bishop without a rebound.
18:38 of 1st period - Mike Ribeiro wins face-off versus Jarret Stoll in Flames zone.
18:39 of 1st period - Shot by Gabriel Bourque.
18:39 of 1st period - Stopped by Ben Bishop without a rebound.
18:40 of 1st period - Mike Ribeiro wins face-off versus Jarret Stoll in Flames zone.
18:48 of 1st period - Jean-Gabriel Pageau is hit by Justin Faulk and loses puck.
19:19 of 1st period - Off-side.
19:20 of 1st period - Mike Santorelli wins face-off versus Antoine Vermette in neutral zone.
19:39 of 1st period - Shot by Mike Santorelli.
19:39 of 1st period - Shot Misses the Net.
19:41 of 1st period - Shot by Mike Santorelli.
19:41 of 1st period - Shot Misses the Net.
19:42 of 1st period - Minor Penalty to Erik Johnson for Holding.
19:43 of 1st period - Jarret Stoll wins face-off versus Mike Santorelli in Flames zone.
19:56 of 1st period - Shot by Carl Hagelin.
19:56 of 1st period - Stopped by Ben Bishop without a rebound.
19:57 of 1st period - Jarret Stoll wins face-off versus Mike Ribeiro in Flames zone.
19:57 of 1st period - Jarret Stoll is hit by Jean-Gabriel Pageau.
Goals for this period are 1 for Flames vs 3 for Flyers.
Shots for this period are 12 for Flames vs 22 for Flyers.

2nd period


0:01 of 2nd period - Jarret Stoll wins face-off versus Mike Santorelli in neutral zone.
0:07 of 2nd period - Icing by Carl Hagelin.
0:08 of 2nd period - Jarret Stoll wins face-off versus Mike Santorelli in Flyers zone.
0:15 of 2nd period - Shot by Bobby Ryan.
0:15 of 2nd period - Deflect By Jarret Stoll.
0:15 of 2nd period - Shot Misses the Net.
1:09 of 2nd period - Shot by Mike Ribeiro.
1:09 of 2nd period - Shot Misses the Net.
1:11 of 2nd period - Shot by Mark Fistric.
1:11 of 2nd period - Stopped by Ben Bishop without a rebound.
1:12 of 2nd period - Antoine Vermette wins face-off versus Mike Ribeiro in Flames zone.
1:54 of 2nd period - Shot by Bryan Bickell.
1:54 of 2nd period - Deflect By Anze Kopitar.
1:54 of 2nd period - Shot Misses the Net.
2:45 of 2nd period - Erik Johnson is hit by Olli Jokinen.
3:17 of 2nd period - Shot by Kyle Brodziak.
3:17 of 2nd period - Shot Blocked by Erik Johnson.
3:20 of 2nd period - Icing by Erik Johnson.
3:21 of 2nd period - Antoine Vermette wins face-off versus Kyle Brodziak in Flames zone.
3:25 of 2nd period - Off-side.
3:26 of 2nd period - Kyle Brodziak wins face-off versus Anze Kopitar in neutral zone.
3:26 of 2nd period - Kyle Brodziak is hit by Bobby Ryan.
3:54 of 2nd period - Shot by Gabriel Bourque.
3:54 of 2nd period - Stopped by Ben Bishop without a rebound.
3:55 of 2nd period - Mike Ribeiro wins face-off versus Jarret Stoll in Flames zone.
4:14 of 2nd period - Shot by Matt Cullen.
4:14 of 2nd period - Shot Misses the Net.
4:25 of 2nd period - Icing by Dan Boyle.
4:26 of 2nd period - Antoine Vermette wins face-off versus Mike Ribeiro in Flyers zone.
4:36 of 2nd period - Shot by David Perron.
4:36 of 2nd period - Stopped by Frederik Andersen without a rebound.
4:37 of 2nd period - Bobby Ryan wins face-off versus Olli Jokinen in Flyers zone.
4:46 of 2nd period - Shot by Carl Hagelin.
4:46 of 2nd period - Stopped by Ben Bishop without a rebound.
4:47 of 2nd period - Anze Kopitar wins face-off versus Gabriel Bourque in Flames zone.
4:58 of 2nd period - Shot by Bobby Ryan.
4:58 of 2nd period - Stopped by Frederik Andersen without a rebound.
4:59 of 2nd period - Antoine Vermette wins face-off versus Mike Ribeiro in Flyers zone.
5:10 of 2nd period - Shot by David Perron.
5:10 of 2nd period - Shot Blocked by Dan Boyle.
5:12 of 2nd period - Shot by Kevan Miller.
5:12 of 2nd period - Stopped by Frederik Andersen without a rebound.
5:13 of 2nd period - Olli Jokinen wins face-off versus Anze Kopitar in Flyers zone.
5:33 of 2nd period - Shot by Carl Hagelin.
5:33 of 2nd period - Deflect By Mike Santorelli.
5:33 of 2nd period - Shot Misses the Net.
5:35 of 2nd period - Shot by Mike Santorelli.
5:35 of 2nd period - Shot Misses the Net.
5:49 of 2nd period - Shot by Carl Hagelin.
5:49 of 2nd period - Shot Blocked by Justin Faulk.
5:51 of 2nd period - Shot by Damon Severson.
5:51 of 2nd period - Stopped by Ben Bishop without a rebound.
5:52 of 2nd period - Mike Ribeiro wins face-off versus Antoine Vermette in Flames zone.
6:09 of 2nd period - Shot by Damien Brunner.
6:09 of 2nd period - Shot Blocked by Stephane Robidas.
6:11 of 2nd period - Shot by Dan Boyle.
6:11 of 2nd period - Stopped by Ben Bishop with a rebound.
6:13 of 2nd period - Shot by Dan Boyle.
6:13 of 2nd period - Shot Misses the Net.
6:15 of 2nd period - Shot by Mike Ribeiro.
6:15 of 2nd period - Stopped by Ben Bishop without a rebound.
6:16 of 2nd period - Jarret Stoll wins face-off versus Kyle Brodziak in Flames zone.
6:16 of 2nd period - Thomas Hickey is hit by Gabriel Bourque and loses puck.
6:21 of 2nd period - Shot by Gabriel Bourque.
6:21 of 2nd period - Stopped by Ben Bishop with a rebound.
6:28 of 2nd period - Pierre-Alexandr Parenteau is hit by Kevan Miller and loses puck.
6:42 of 2nd period - Minor Penalty to Carlo Colaiacovo for Holding.
6:43 of 2nd period - Antoine Vermette wins face-off versus Jean-Gabriel Pageau in Flyers zone.
6:50 of 2nd period - Shot by Erik Johnson.
6:50 of 2nd period - Stopped by Frederik Andersen without a rebound.
6:51 of 2nd period - Antoine Vermette wins face-off versus Carl Hagelin in Flyers zone.
6:57 of 2nd period - Off-side.
6:58 of 2nd period - Antoine Vermette wins face-off versus Jean-Gabriel Pageau in neutral zone.
7:13 of 2nd period - Shot by David Perron.
7:13 of 2nd period - Shot Misses the Net.
7:15 of 2nd period - Shot by Erik Johnson.
7:15 of 2nd period - Stopped by Frederik Andersen without a rebound.
7:16 of 2nd period - Jean-Gabriel Pageau wins face-off versus Jarret Stoll in Flyers zone.
7:29 of 2nd period - Shot by Kevan Miller.
7:29 of 2nd period - Shot Misses the Net.
7:31 of 2nd period - Shot by Kevan Miller.
7:31 of 2nd period - Shot Misses the Net.
7:33 of 2nd period - Shot by Kevan Miller.
7:33 of 2nd period - Stopped by Frederik Andersen without a rebound.
7:34 of 2nd period - Antoine Vermette wins face-off versus Carl Hagelin in Flyers zone.
7:37 of 2nd period - Shot by Erik Johnson.
7:37 of 2nd period - Stopped by Frederik Andersen without a rebound.
7:38 of 2nd period - Jean-Gabriel Pageau wins face-off versus Antoine Vermette in Flyers zone.
7:40 of 2nd period - Dan Boyle is hit by David Perron and loses puck.
8:09 of 2nd period - Erik Johnson is hit by Ryan Ellis and loses puck.
8:47 of 2nd period - Shot by Anze Kopitar.
8:47 of 2nd period - Stopped by Frederik Andersen with a rebound.
9:11 of 2nd period - Shot by Anze Kopitar.
9:11 of 2nd period - Shot Misses the Net.
9:26 of 2nd period - Icing by Daniel Sedin.
9:27 of 2nd period - Jarret Stoll wins face-off versus Mike Ribeiro in Flyers zone.
9:27 of 2nd period - Jarret Stoll is hit by Tom Gilbert.
9:36 of 2nd period - Jarret Stoll is hit by Tom Gilbert and loses puck.
9:56 of 2nd period - Jarret Stoll is hit by Ryan Ellis and loses puck.
9:57 of 2nd period - Jarret Stoll from Flames is injured at 9:57 of 2nd period (Sprained Left Knee).
9:58 of 2nd period - Antoine Vermette wins face-off versus Mike Santorelli in Flyers zone.
10:11 of 2nd period - Minor Penalty to David Perron for Roughing.
10:12 of 2nd period - Mike Santorelli wins face-off versus Andrej Nestrasil in Flames zone.
10:15 of 2nd period - Shot by Ryan Ellis.
10:15 of 2nd period - Stopped by Ben Bishop without a rebound.
10:16 of 2nd period - Mike Santorelli wins face-off versus Andrej Nestrasil in Flames zone.
10:34 of 2nd period - Shot by Bobby Ryan.
10:34 of 2nd period - Shot Blocked by Dan Boyle.
10:36 of 2nd period - Shot by Erik Johnson.
10:36 of 2nd period - Stopped by Frederik Andersen with a rebound.
10:57 of 2nd period - Off-side.
10:58 of 2nd period - Mike Ribeiro wins face-off versus Antoine Vermette in neutral zone.
11:07 of 2nd period - Shot by Mike Ribeiro.
11:07 of 2nd period - Stopped by Ben Bishop without a rebound.
11:08 of 2nd period - Andrej Nestrasil wins face-off versus Gabriel Bourque in Flames zone.
11:21 of 2nd period - Shot by Mike Ribeiro.
11:21 of 2nd period - Stopped by Ben Bishop with a rebound.
11:23 of 2nd period - Shot by Jean-Gabriel Pageau.
11:23 of 2nd period - Shot Misses the Net.
12:21 of 2nd period - Off-side.
12:22 of 2nd period - Antoine Vermette wins face-off versus Mike Ribeiro in neutral zone.
12:29 of 2nd period - Shot by Daniel Sedin.
12:29 of 2nd period - Shot Hit the Post.
12:41 of 2nd period - Shot by Antoine Vermette.
12:41 of 2nd period - Stopped by Frederik Andersen without a rebound.
12:42 of 2nd period - Mike Santorelli wins face-off versus Andrew Miller in Flyers zone.
12:42 of 2nd period - Mike Santorelli is hit by Andrej Nestrasil.
12:52 of 2nd period - Shot by Mike Santorelli.
12:52 of 2nd period - Stopped by Ben Bishop without a rebound.
12:53 of 2nd period - Kyle Brodziak wins face-off versus Anze Kopitar in Flames zone.
13:06 of 2nd period - Shot by Kyle Brodziak.
13:06 of 2nd period - Shot Misses the Net.
13:08 of 2nd period - Shot by Gabriel Bourque.
13:08 of 2nd period - Deflect By Kyle Brodziak.
13:08 of 2nd period - Stopped by Ben Bishop without a rebound.
13:09 of 2nd period - Antoine Vermette wins face-off versus Mike Santorelli in Flames zone.
13:09 of 2nd period - Jack Johnson is hit by Olli Jokinen and loses puck.
13:34 of 2nd period - Shot by Carl Hagelin.
13:34 of 2nd period - Stopped by Ben Bishop without a rebound.
13:35 of 2nd period - Anze Kopitar wins face-off versus Mike Ribeiro in Flames zone.
13:48 of 2nd period - Shot by Anze Kopitar.
13:48 of 2nd period - Shot Misses the Net.
14:09 of 2nd period - Icing by Tom Gilbert.
14:10 of 2nd period - Mike Ribeiro wins face-off versus Antoine Vermette in Flyers zone.
14:54 of 2nd period - Tom Gilbert is hit by David Perron.
16:43 of 2nd period - Shot by Mike Santorelli.
16:43 of 2nd period - Stopped by Ben Bishop without a rebound.
16:44 of 2nd period - Kyle Brodziak wins face-off versus Matt Cullen in Flames zone.
17:02 of 2nd period - Minor Penalty to Gabriel Bourque for Holding.
17:03 of 2nd period - Jean-Gabriel Pageau wins face-off versus Andrej Nestrasil in Flyers zone.
18:20 of 2nd period - Shot by David Perron.
18:20 of 2nd period - Stopped by Frederik Andersen without a rebound.
18:21 of 2nd period - Kyle Brodziak wins face-off versus Anze Kopitar in Flyers zone.
18:21 of 2nd period - Kyle Brodziak is hit by Bryan Bickell.
18:57 of 2nd period - Daniel Sedin is hit by Bryan Bickell and loses puck.
19:14 of 2nd period - Shot by David Perron.
19:14 of 2nd period - Shot Misses the Net.
19:32 of 2nd period - Icing by Kyle Brodziak.
19:33 of 2nd period - Anze Kopitar wins face-off versus Kyle Brodziak in Flyers zone.
Goals for this period are 0 for Flames vs 0 for Flyers.
Shots for this period are 11 for Flames vs 14 for Flyers.

3rd period


0:01 of 3rd period - Mike Ribeiro wins face-off versus Anze Kopitar in neutral zone.
0:22 of 3rd period - Shot by Dan Boyle.
0:22 of 3rd period - Shot Misses the Net.
0:32 of 3rd period - Shot by Daniel Sedin.
0:32 of 3rd period - Shot Misses the Net.
0:34 of 3rd period - Shot by Daniel Sedin.
0:34 of 3rd period - Stopped by Ben Bishop with a rebound.
1:15 of 3rd period - Icing by Erik Johnson.
1:16 of 3rd period - Kyle Brodziak wins face-off versus Anze Kopitar in Flames zone.
1:35 of 3rd period - Shot by Pierre-Alexandr Parenteau.
1:35 of 3rd period - Stopped by Ben Bishop without a rebound.
1:36 of 3rd period - Antoine Vermette wins face-off versus Olli Jokinen in Flames zone.
1:36 of 3rd period - Antoine Vermette is hit by Carl Hagelin.
1:45 of 3rd period - Jack Johnson is hit by Tom Gilbert and loses puck.
1:55 of 3rd period - Jack Johnson is hit by Olli Jokinen and loses puck.
2:54 of 3rd period - Shot by Damien Brunner.
2:54 of 3rd period - Stopped by Ben Bishop with a rebound.
2:56 of 3rd period - Shot by Dan Boyle.
2:56 of 3rd period - Stopped by Ben Bishop without a rebound.
2:57 of 3rd period - Kyle Brodziak wins face-off versus Anze Kopitar in Flames zone.
5:02 of 3rd period - Shot by Bryan Bickell.
5:02 of 3rd period - Stopped by Frederik Andersen without a rebound.
5:03 of 3rd period - Mike Ribeiro wins face-off versus Bobby Ryan in Flyers zone.
5:03 of 3rd period - Mike Ribeiro is hit by Bryan Bickell.
5:48 of 3rd period - Minor Penalty to Erik Johnson for Hooking.
5:49 of 3rd period - Andrej Nestrasil wins face-off versus Mike Santorelli in Flames zone.
7:14 of 3rd period - Shot by Joel Ward.
7:14 of 3rd period - Stopped by Ben Bishop without a rebound.
7:15 of 3rd period - Antoine Vermette wins face-off versus Mike Ribeiro in Flames zone.
7:53 of 3rd period - Icing by Tom Gilbert.
7:54 of 3rd period - Antoine Vermette wins face-off versus Olli Jokinen in Flyers zone.
9:02 of 3rd period - Icing by Kevan Miller.
9:03 of 3rd period - Olli Jokinen wins face-off versus Anze Kopitar in Flames zone.
9:16 of 3rd period - Shot by Erik Johnson.
9:16 of 3rd period - Stopped by Frederik Andersen without a rebound.
9:17 of 3rd period - Gabriel Bourque wins face-off versus Anze Kopitar in Flyers zone.
9:26 of 3rd period - Shot by Pierre-Alexandr Parenteau.
9:26 of 3rd period - Stopped by Ben Bishop with a rebound.
9:28 of 3rd period - Shot by Pierre-Alexandr Parenteau.
9:28 of 3rd period - Stopped by Ben Bishop without a rebound.
9:29 of 3rd period - Andrew Miller wins face-off versus Olli Jokinen in Flames zone.
9:53 of 3rd period - Shot by Olli Jokinen.
9:53 of 3rd period - Shot Misses the Net.
9:58 of 3rd period - Icing by Andrej Nestrasil.
9:59 of 3rd period - Daniel Sedin wins face-off versus Andrew Miller in Flames zone.
11:11 of 3rd period - Shot by Gabriel Bourque.
11:11 of 3rd period - Stopped by Ben Bishop without a rebound.
11:12 of 3rd period - Anze Kopitar wins face-off versus Olli Jokinen in Flames zone.
11:12 of 3rd period - Anze Kopitar is hit by Olli Jokinen.
11:20 of 3rd period - Shot by Damon Severson.
11:20 of 3rd period - Shot Misses the Net.
11:23 of 3rd period - Mike Santorelli is hit by Justin Faulk and loses puck.
11:51 of 3rd period - Minor Penalty to Bobby Ryan for Charging.
11:52 of 3rd period - Mike Ribeiro wins face-off versus Anze Kopitar in Flames zone.
12:04 of 3rd period - Icing by Jean-Gabriel Pageau.
12:05 of 3rd period - Mike Ribeiro wins face-off versus Anze Kopitar in Flyers zone.
12:26 of 3rd period - Shot by Dan Boyle.
12:26 of 3rd period - Shot Misses the Net.
12:28 of 3rd period - Shot by Ryan Ellis.
12:28 of 3rd period - Stopped by Ben Bishop without a rebound.
12:29 of 3rd period - Matt Cullen wins face-off versus Kyle Brodziak in Flames zone.
12:29 of 3rd period - Thomas Hickey is hit by Carl Hagelin.
12:59 of 3rd period - Shot by Kyle Brodziak.
12:59 of 3rd period - Deflect By Mike Santorelli.
12:59 of 3rd period - Shot Blocked by Jack Johnson.
13:01 of 3rd period - Shot by Kyle Brodziak.
13:01 of 3rd period - Shot Misses the Net.
13:03 of 3rd period - Shot by Carl Hagelin.
13:03 of 3rd period - Shot Blocked by Thomas Hickey.
13:09 of 3rd period - Shot by Carl Hagelin.
13:09 of 3rd period - Shot Misses the Net.
13:11 of 3rd period - Shot by Kyle Brodziak.
13:11 of 3rd period - Shot Misses the Net.
13:29 of 3rd period - Shot by Mike Ribeiro.
13:29 of 3rd period - Stopped by Ben Bishop without a rebound.
13:30 of 3rd period - Andrej Nestrasil wins face-off versus Mike Ribeiro in Flames zone.
13:43 of 3rd period - Shot by Mike Ribeiro.
13:43 of 3rd period - Stopped by Ben Bishop without a rebound.
13:44 of 3rd period - Mike Ribeiro wins face-off versus Andrej Nestrasil in Flames zone.
13:59 of 3rd period - Shot by Mike Ribeiro.
13:59 of 3rd period - Deflect By Daniel Sedin.
13:59 of 3rd period - Stopped by Ben Bishop with a rebound.
14:02 of 3rd period - Icing by Antoine Vermette.
14:03 of 3rd period - Antoine Vermette wins face-off versus Mike Santorelli in Flames zone.
14:09 of 3rd period - Off-side.
14:10 of 3rd period - Anze Kopitar wins face-off versus Olli Jokinen in neutral zone.
14:25 of 3rd period - Jack Johnson is hit by Olli Jokinen and loses puck.
14:34 of 3rd period - Shot by Mike Santorelli.
14:34 of 3rd period - Goal by Mike Santorelli - Flames : 1 - Flyers : 4.
14:35 of 3rd period - Mike Ribeiro wins face-off versus Antoine Vermette in neutral zone.
15:41 of 3rd period - Shot by Mike Santorelli.
15:41 of 3rd period - Goal by Mike Santorelli - Flames : 1 - Flyers : 5.
15:42 of 3rd period - Anze Kopitar wins face-off versus Kyle Brodziak in neutral zone.
16:41 of 3rd period - Dan Boyle is hit by Andrej Nestrasil and loses puck.
17:01 of 3rd period - Off-side.
17:02 of 3rd period - Mike Ribeiro wins face-off versus Andrew Miller in neutral zone.
18:06 of 3rd period - Icing by Thomas Hickey.
18:07 of 3rd period - Anze Kopitar wins face-off versus Carl Hagelin in Flames zone.
19:13 of 3rd period - Gabriel Bourque is hit by Stephane Robidas and loses puck.
19:38 of 3rd period - Icing by Antoine Vermette.
19:39 of 3rd period - Mike Ribeiro wins face-off versus Antoine Vermette in Flames zone.
19:45 of 3rd period - Icing by Andrej Nestrasil.
19:46 of 3rd period - Antoine Vermette wins face-off versus Damien Brunner in Flames zone.
Goals for this period are 0 for Flames vs 2 for Flyers.
Shots for this period are 2 for Flames vs 14 for Flyers.